 Dungeon Crawl Stone Soup version 0.30.1-11-g7821555f0a (webtiles) character file.

Game seed: 15073499912703374607

277145 Wiggles the Executioner (level 19, -1/188 HPs)
             Began as a Minotaur Berserker on Dec 15, 2023.
             Was the Champion of Trog.
             Slain by a rockslime (11 damage)
             ... on level 5 of the Pits of Slime on Dec 26, 2023.
             The game lasted 00:58:04 (32118 turns).

Wiggles the Executioner (Minotaur Berserker)       Turns: 32118, Time: 00:58:04

Health: -1/188     AC: 24    Str: 25    XL:     19   Next: 60%
Magic:  18/18      EV: 12    Int:  6    God:    Trog [******]
Gold:   2508       SH:  0    Dex:  6    Spells: 18/18 levels left

rFire   + . .        d - +10 broad axe of Poverty {flame, rPois Will+ Int+2}
rCold   . . .        u - +2 tower shield
rNeg    + + .        P - +4 plate armour "Put-Me-On" {Regen+ Int+2 Dex-5}
rPois   +            (helmet restricted)
rElec   +            w - +2 cloak
rCorr   +            V - +3 pair of gloves "Jietomm" {rElec rN+ Stlth+}
SInv    .            Q - +2 pair of slick slippers {slick, slippery, EV+4}
Will    ++...        l - amulet of the acrobat Stlth
                     H - ring of Vossit {rElec rF+ rN+ rCorr Str-4}
HPRegen 1.31/turn    q - +4 ring of slaying
MPRegen 0.16/turn

%: acrobat
@: confused, marked, corroded
A: horns 2, retaliatory headbutt, deterioration 1, dopey 1, subdued magic 1,
inability to drink after injury 1
}: 2/15 runes: decaying, gossamer
a: Renounce Religion, Berserk, Trog's Hand, Brothers in Arms


You were on level 5 of the Pits of Slime.
You worshipped Trog.
Trog was exalted by your worship.
You visited 6 branches of the dungeon, and saw 35 of its levels.
You also visited: Sewer and Gauntlet.

You collected 3570 gold pieces.
You spent 1062 gold pieces at shops.

Inventory:

Hand Weapons
 d - the +10 broad axe of Poverty (weapon) {flame, rPois Will+ Int+2}
   (You found it in a Gauntlet)

   Int:       It affects your intelligence (+2).
   rPois:     It protects you from poison.
   Will:      It increases your willpower.
 D - a +6 vampiric broad axe
Missiles
 J - a throwing net (quivered)
Armour
 u - a +2 tower shield (worn)
 w - a +2 cloak (worn)
 P - the +4 plate armour "Put-Me-On" (worn) {Regen+ Int+2 Dex-5}
   (You found it in a Gauntlet)

   Int:       It affects your intelligence (+2).
   Dex:       It affects your dexterity (-5).
   Regen:     It increases your rate of health regeneration.
 Q - the +2 pair of slick slippers (worn) {slick, slippery, EV+4}
   (You found it in a Gauntlet)

   Slick:     Its wearer cannot be constricted, engulfed, netted or webbed.
   Slippery:  Its wearer slips away from damaging melee attacks, pulling the
   attacker onward.
   EV:        It affects your evasion (+4).
 V - the +3 pair of gloves "Jietomm" (worn) {rElec rN+ Stlth+}
   (You acquired it on level 1 of the Spider Nest)

   rElec:     It insulates you from electricity.
   rN:        It protects you from negative energy.
   Stlth:     It makes you more stealthy.
Jewellery
 l - an amulet of the acrobat (around neck)
 q - a +4 ring of slaying (right hand)
 s - a +6 ring of dexterity
 v - the ring "Jovumo" {rElec rN+ Int+6 Dex+5}
   (You found it on level 8 of the Dungeon)

   [ring of intelligence]

   Int:       It affects your intelligence (+6).
   Dex:       It affects your dexterity (+5).
   rElec:     It insulates you from electricity.
   rN:        It protects you from negative energy.
 y - a ring of poison resistance
 z - a ring of see invisible
 C - the ring of Bagguski {Will+ Int+3 Slay+3}
   (You found it on level 4 of the Spider Nest)

   [ring of willpower]

   Int:       It affects your intelligence (+3).
   Slay:      It affects your accuracy & damage with ranged weapons and melee
   (+3).
   Will:      It increases your willpower.
 H - the ring of Vossit (left hand) {rElec rF+ rN+ rCorr Str-4}
   (You found it on level 10 of the Dungeon)

   [ring of positive energy]

   Str:       It affects your strength (-4).
   rF:        It protects you from fire.
   rElec:     It insulates you from electricity.
   rN:        It protects you from negative energy.
   rCorr:     It protects you from acid and corrosion.
 I - a +6 ring of strength
 X - a ring of willpower
Wands
 i - a wand of flame (61)
 p - a wand of mindburst (5)
 r - a wand of iceblast (25)
 E - a wand of digging (9)
 F - a wand of paralysis (32)
 Z - a wand of acid (4)
Scrolls
 a - 8 scrolls of immolation
 e - 9 scrolls of fear
 f - 3 scrolls of blinking
 t - 16 scrolls of teleportation
 G - 21 scrolls of identify
 M - 5 scrolls of magic mapping
 O - a scroll of summoning
 S - 3 scrolls of vulnerability
 W - a scroll of fog
 Y - a scroll of poison
Potions
 c - 2 potions of flight
 g - 4 potions of resistance
 h - 14 potions of curing
 j - 5 potions of cancellation
 k - 7 potions of mutation
 m - 5 potions of haste
 n - 3 potions of lignification
 o - 3 potions of berserk rage
 x - 2 potions of invisibility
 A - a potion of heal wounds
 B - 4 potions of might
 K - 5 potions of ambrosia
 L - a potion of magic
Miscellaneous
 b - a piece from Xom's chessboard (15/15)
 R - a phial of floods
 T - a phantom mirror


   Skills:
 + Level 20.9 Fighting
 + Level 23.6 Axes
 + Level 16.8 Armour
 + Level 8.1 Dodging
 + Level 4.6 Stealth
 + Level 19.5 Shields


You had 18 spell levels left.
You didn't know any spells.
Your spell library was empty.

Dungeon Overview and Level Annotations

Branches:
Dungeon (15/15)            Temple (0/1) D:7            Lair (5/5) D:11
  Swamp (4/4) Lair:2       Spider (4/4) Lair:3        Slime (5/5) Lair:4
    Orc (2/2) D:11            Elf (0/3) Orc:2        Vaults (0/5) D:14
 Depths (0/4) D:15          Sewer (visited)         Gauntlet (visited)

Altars:
Cheibriados
Dithmenos
Elyvilon
Fedhas
Gozag
Hepliaklqana
Kikubaaqudgha
Makhleb
Nemelex Xobeh
Okawaru
Qazlal
Ru
Sif Muna
Trog
Uskayaw
Vehumet
Wu Jian
Xom
Yredelemnul
Zin
The Shining One
Jiyva

Shops:
D:1 (   D:4 *   D:7 (   D:10 [   D:15 :   Orc:2 (!*(?


Innate Abilities, Weirdness & Mutations

You have a pair of horns on your head.
You reflexively headbutt those who attack you in melee.
Your body sometimes deteriorates upon taking damage.
You are dopey. (Int -2)
Your spells are a little easier to cast, but a little less powerful.
You occasionally lose the ability to drink potions when taking damage.


Message History

You resist with almost no effort.
Your iron troll misses the golden eye.
Your iron troll closely misses the golden eye.
Your iron troll completely misses the golden eye.
The slime creature hits your stone giant but does no damage.
A slime creature comes into view.
The rockslime hits you!
* * * LOW HITPOINT WARNING * * *
The azure jelly barely misses you.
The azure jelly hits you but does no damage.
The azure jelly hits you!
* * * LOW HITPOINT WARNING * * *
The azure jelly closely misses you.
A golden eye comes into view.
The golden eye blinks!
Your stone giant hits the slime creature!!!
The shining eye gazes at you.
Strange energies course through your body.
You feel yourself wasting away. The golden eye blinks at you.
You resist with almost no effort. The golden eye blinks at you.
You resist with almost no effort. The acid blob spits acid at you.
The splash of acid hits you but does no damage.
The acid corrodes you!
The acid blob moves out of view.
A rockslime comes into view.
Are you sure you want to stumble around while confused and next to your stone giant?
Okay, then.
You feel much better. The golden eye blinks at you.
You resist with almost no effort. The golden eye blinks at you.
You resist with some effort. The azure jelly barely misses you.
The azure jelly hits you!
* * * LOW HITPOINT WARNING * * *
The azure jelly freezes you!!
* * * LOW HITPOINT WARNING * * *
The azure jelly hits you but does no damage. x2
The rockslime hits you!
You die...

... ..... ......#
....G..JJ#
........J##
..........##
.........GJG##
........G.J.§J#####J#
......GG.GGC@JGJG.J..
...........GGJ.......
............T......J.
.....................
............G........
#..................
###..<.............
##...............
#..............


You could see 3 acid blobs, an azure jelly, a great orb of eyes, a large slime
creature, 5 slime creatures, 2 rockslimes, a shining eye, an eye of devastation,
a glowing orange brain, 9 golden eyes, a friendly iron troll (summoned, berserk,
corroded) and a friendly stone giant (summoned, berserk).

Vanquished Creatures
  Rupert (D:14)
  7 acid blobs
  Frances (D:12)
  Kirke (Spider:2)
  Roxanne (D:14)
  12 azure jellies
  8 rockslimes
  7 emperor scorpions
  7 ghost moths
  5 quicksilver oozes
  A broodmother (Spider:2)
  2 green draconians (Swamp:1)
  3 eleionomae
  The ghost of Iguz the Summoner, a journeyman DrSu of Qazlal (Lair:4)
  2 spark wasps
  A bunyip (Swamp:2)
  A minotaur (Gauntlet)
  Snorg (D:11)
  An ettin (D:15)
  The ghost of Hapn the Devastator, a journeyman DEFE of Vehumet (Lair:4)
  Josephine (Orc:2)
  A rakshasa (D:14)
  4 entropy weavers
  A shambling mangrove (Swamp:4)
  2 ice dragons (Swamp:4)
  12 hydras
  An ogre mage (D:15)
  2 catoblepae
  7 two-headed ogres
  2 jorogumos
  A ghost crab (Swamp:2)
  2 radroaches
  Erica (D:11)
  A death knight (D:15)
  8 alligators
  2 dancing weapons (D:14)
  4 centaur warriors (D:14)
  10 boulder beetles
  3 tengu warriors
  3 orc high priests (Orc:2)
  4 spriggans
  4 skeletal warriors
  A death drake (Gauntlet)
  2 skysharks (Lair:2)
  10 pharaoh ants
  5 goliath frogs
  6 orb spiders
  2 sun moths (Spider:1)
  3 spriggan druids
  A glowing orange brain (Slime:2)
  3 bog bodies
  2 deep trolls (D:15)
  6 swamp dragons
  7 steelbarb worms
  2 necromancers (D:15)
  4 orc sorcerers (Orc:2)
  A phantasmal warrior (D:15)
  A deep elf pyromancer (D:15)
  5 orc knights (Orc:2)
  A shining eye (Slime:1)
  26 ugly things
  A spectral centaur (Gauntlet)
  22 wolf spiders
  2 will-o-the-wisps
  5 cyclopes
  2 manticores
  2 moths of wrath
  9 elephants
  A centaur zombie (Gauntlet)
  13 demonic crawlers
  Joseph (D:8)
  5 black mambas
  4 eyes of devastation
  4 gargoyles
  16 cane toads
  8 torpor snails
  3 kobold demonologists
  A freezing wraith (Swamp:4)
  8 komodo dragons
  3 tengu conjurers
  2 efreet
  2 rime drakes
  4 meliai
  4 trolls
  16 tarantellas
  8 hornets
  11 polar bears
  11 tyrant leeches
  A raiju (Lair:5)
  Sigmund (D:2)
  86 slime creatures
  A culicivora (shapeshifter) (D:13)
  19 jumping spiders
  19 culicivoras
  A centaur simulacrum (D:14)
  5 wyverns
  A shadow (D:13)
  42 yaks
  8 wraiths
  7 basilisks
  9 golden eyes
  4 swamp worm simulacra (Swamp:4)
  4 hogs (Spider:2)
  51 redbacks
  8 vampire mosquitoes
  8 wargs
  13 hydra simulacra (Swamp:4)
  15 swamp worms
  Duvessa (D:6)
  3 acid dragons
  7 water moccasins
  16 hell hounds (Lair:5)
  A sky beast (D:3)
  16 black bears
  21 orc warriors
  6 swamp drakes
  12 centaurs
  3 ogres
  22 wolves
  A phantom (D:5)
  4 kobold brigands
  16 bullfrogs
  A scorpion (D:5)
  9 wights
  Dowan (D:6)
  22 killer bees
  2 vampire bats (D:8)
  2 electric eels
  4 howler monkeys
  A gnoll bouda (D:4)
  17 orc priests
  2 hounds
  A jelly (D:7)
  Jessica (D:2)
  3 sleepcaps
  3 iguanas
  Natasha (D:2)
  19 orc wizards
  Robin (D:2)
  6 gnolls
  3 adders (Sewer)
  5 river rats
  2 white imps
  3 swamp drake simulacra (Swamp:4)
  2 ufetubi
  4 worms
  4 dart slugs
  65 orcs
  5 bats
  A bat skeleton (D:8)
  3 bat zombies (D:8)
  8 endoplasms
  3 giant cockroaches
  15 goblins
  9 hobgoblins
  4 jackals (D:4)
  3 quokkas
  12 ball pythons
  2 frilled lizards
  13 kobolds
  10 rats
  A spectral orc (D:3)
1101 creatures vanquished.

Vanquished Creatures (collateral kills)
  An acid blob (Slime:5)
  An azure jelly (Slime:5)
  The ghost of Xoukh the Grappler, a journeyman TrMo of Wu Jian (Lair:4)
  The ghost of Egemog the Cleaver, a journeyman MiBe of Trog (Lair:4)
  An eleionoma (Swamp:4)
  Nessos (Lair:4)
  A swamp dragon (Swamp:4)
  4 elephants (Lair:4)
  A cane toad (Lair:4)
  3 freezing wraiths (Swamp:4)
  5 slime creatures
  A swamp worm (Swamp:4)
  A hydra simulacrum (Swamp:4)
  A swamp drake simulacrum (Swamp:4)
23 creatures vanquished.

Vanquished Creatures (others)
  A spark wasp (Spider:4)
  A shambling mangrove (Swamp:4)
  5 bloated husks
  2 hornets (Swamp:4)
  A tyrant leech (Swamp:4)
  4 swamp worms
14 creatures vanquished.

Grand Total: 1138 creatures vanquished

Notes
Turn   | Place    | Note
-------+----------+-------------------------------------------
     0 | D:1      | Wiggles the Minotaur Berserker began the quest for the Orb.
     0 | D:1      | Reached XP level 1. HP: 19/19 MP: 0/0
   306 | D:1      | Reached skill level 4 in Axes
   306 | D:1      | Reached XP level 2. HP: 22/27 MP: 1/1
   355 | D:1      | Found Tiofuwn's Antique Weapon Emporium.
  1006 | D:2      | Noticed Robin
  1011 | D:2      | Noticed Jessica
  1017 | D:2      | Reached XP level 3. HP: 5/33 MP: 2/2
  1018 | D:2      | Reached skill level 8 in Axes
  1018 | D:2      | Reached skill level 5 in Armour
  1018 | D:2      | Reached skill level 5 in Dodging
  1018 | D:2      | Reached XP level 4. HP: 3/45 MP: 3/3
  1029 | D:2      | Killed Robin
  1029 | D:2      | Reached ** piety under Trog
  1034 | D:2      | Killed Jessica
  1362 | D:2      | Noticed Sigmund
  1369 | D:2      | Killed Sigmund
  1370 | D:2      | Reached skill level 9 in Axes
  1370 | D:2      | Reached XP level 5. HP: 51/51 MP: 4/4
  1370 | D:2      | Reached XP level 6. HP: 58/58 MP: 5/5
  1489 | D:2      | Found a faded altar of an unknown god.
  1737 | D:2      | Noticed Natasha
  1747 | D:2      | Killed Natasha
  1849 | D:3      | Noticed a sky beast
  1863 | D:3      | Killed a sky beast
  1870 | D:3      | Found a stormy altar of Qazlal.
  1907 | D:3      | Found a shimmering altar of Xom.
  2135 | D:3      | Found a basalt altar of Yredelemnul.
  2358 | D:3      | Found a sacrificial altar of Ru.
  2655 | D:4      | Found a glowing drain.
  2712 | Sewer    | Entered a sewer
  2751 | Sewer    | Reached *** piety under Trog
  2806 | Sewer    | Reached XP level 7. HP: 48/64 MP: 6/6
  3694 | D:4      | Found an opulent altar of Gozag.
  3699 | D:4      | Found Gozag's Platinum Reserve.
  3701 | D:4      | Reached **** piety under Trog
  4017 | D:5      | Entered Level 5 of the Dungeon
  4231 | D:5      | Reached skill level 10 in Axes
  4236 | D:5      | Reached XP level 8. HP: 36/71 MP: 7/7
  4401 | D:5      | Found a hide-covered altar of Uskayaw.
  4422 | D:5      | Noticed a balrug
  4423 | D:5      | Found a burning altar of Makhleb.
  4473 | D:5      | Found a glowing silver altar of Zin.
  4473 | D:5      | Noticed an angel
  5004 | D:1      | Bought a runed broad axe for 168 gold pieces
  5219 | D:5      | Found a hazy altar of Hepliaklqana.
  5586 | D:6      | Noticed Dowan
  5587 | D:6      | Noticed Duvessa
  5595 | D:6      | Killed Duvessa
  5602 | D:6      | Killed Dowan
  5603 | D:6      | Reached skill level 1 in Shields
  5805 | D:6      | Found a white marble altar of Elyvilon.
  5882 | D:6      | Found an iron altar of Okawaru.
  6308 | D:7      | Found a shadowy altar of Dithmenos.
  6342 | D:7      | Reached skill level 11 in Axes
  6342 | D:7      | Reached XP level 9. HP: 75/79 MP: 8/8
  6870 | D:7      | Found a staircase to the Ecumenical Temple.
  7071 | D:7      | Found Fiowiduagi's Antique Weapon Emporium.
  7146 | D:8      | Identified the ring "Jovumo" {rElec rN+ Int+6 Dex+5}
  7164 | D:8      | Reached ***** piety under Trog
  7177 | D:8      | Found an ancient bone altar of Kikubaaqudgha.
  7259 | D:8      | Reached skill level 12 in Axes
  7260 | D:8      | Reached XP level 10. HP: 87/88 MP: 9/9
  7361 | D:8      | Found a bloodstained altar of Trog.
  7393 | D:8      | Found a sparkling altar of Nemelex Xobeh.
  7576 | D:8      | Found a snail-covered altar of Cheibriados.
  7690 | D:8      | Noticed Joseph
  7703 | D:8      | Killed Joseph
  7738 | D:8      | Found an ornate altar of the Wu Jian Council.
  7771 | D:8      | Found a shimmering blue altar of Sif Muna.
  7998 | D:9      | Reached skill level 13 in Axes
  8157 | D:9      | Found a glowing golden altar of the Shining One.
  8166 | D:9      | Found a radiant altar of Vehumet.
  8258 | D:9      | Found a blossoming altar of Fedhas.
  8615 | D:10     | Entered Level 10 of the Dungeon
  8642 | D:10     | Identified the ring of Vossit {rElec rF+ rN+ rCorr Str-4}
  8647 | D:10     | Noticed a two-headed ogre
  8652 | D:10     | Killed a two-headed ogre
  8696 | D:10     | Noticed a gargoyle
  8698 | D:10     | Killed a gargoyle
  8843 | D:10     | Found Hetrepp's Armour Shop.
  8862 | D:10     | Noticed a soul eater
  8865 | D:10     | Reached skill level 14 in Axes
  9000 | D:10     | Reached XP level 11. HP: 76/97 MP: 10/10
  9198 | D:10     | Noticed a two-headed ogre
  9205 | D:10     | Killed a two-headed ogre
  9776 | D:11     | Noticed a boulder beetle
  9793 | D:11     | Killed a boulder beetle
  9794 | D:11     | Reached skill level 5 in Shields
  9830 | D:11     | Noticed Erica
  9837 | D:11     | Killed Erica
  9908 | D:11     | Noticed a two-headed ogre
  9910 | D:11     | Reached skill level 15 in Axes
  9912 | D:11     | Received a gift from Trog
  9918 | D:11     | Killed a two-headed ogre
  9922 | D:11     | Reached skill level 10 in Fighting
  9922 | D:11     | Found a staircase to the Orcish Mines.
 10066 | D:11     | Noticed Snorg
 10075 | D:11     | Killed Snorg
 10142 | D:11     | Noticed a two-headed ogre
 10147 | D:11     | Killed a two-headed ogre
 10148 | D:11     | Reached skill level 10 in Armour
 10180 | D:11     | Found a staircase to the Lair.
 10187 | D:11     | Noticed a red ugly thing
 10204 | D:11     | Killed a red ugly thing
 10213 | D:11     | Reached skill level 16 in Axes
 10491 | D:11     | Noticed a boulder beetle
 10513 | D:11     | Killed a boulder beetle
 10514 | D:11     | Reached XP level 12. HP: 68/108 MP: 11/11
 11026 | Lair:1   | Entered Level 1 of the Lair of Beasts
 11907 | Lair:2   | Noticed a five-headed hydra
 11925 | Lair:2   | Killed a 14-headed hydra
 12122 | Lair:2   | Noticed a boulder beetle
 12133 | Lair:2   | Killed a boulder beetle
 12171 | Lair:2   | Identified the +9 arbalest of Funt {drain, rElec}
 12230 | Lair:2   | Found a staircase to the Swamp.
 12293 | Lair:2   | Reached skill level 17 in Axes
 12968 | Lair:2   | Received a gift from Trog
 13176 | Lair:3   | Found a gate leading to a gauntlet.
 13193 | Lair:3   | Reached XP level 13. HP: 88/118 MP: 12/12
 13216 | Gauntlet | Entered a Gauntlet
 13216 | Gauntlet | Found a transporter.
 13275 | Gauntlet | Found a transporter.
 13277 | Gauntlet | Found a transporter.
 13282 | Gauntlet | Found a runed translucent door.
 13284 | Gauntlet | Found a runed translucent door.
 13285 | Gauntlet | Found the +2 pair of slick slippers {slick, slippery, EV+4}
 13287 | Gauntlet | Found a transporter.
 13290 | Gauntlet | Found a transporter.
 13303 | Gauntlet | Found a transporter.
 13318 | Gauntlet | Found a transporter.
 13331 | Gauntlet | Found a transporter.
 13340 | Gauntlet | Noticed a green death
 13344 | Gauntlet | Found a transporter.
 13358 | Gauntlet | Found a transporter.
 13367 | Gauntlet | Found a runed translucent door.
 13369 | Gauntlet | Found a transporter.
 13369 | Gauntlet | Found a transporter.
 13372 | Gauntlet | Found a runed translucent door.
 13414 | Gauntlet | Found a transporter.
 13428 | Gauntlet | Found a transporter.
 13536 | Gauntlet | Reached skill level 18 in Axes
 13642 | Gauntlet | Identified the +4 plate armour "Put-Me-On" {Regen+ Int+2
                  | Dex-5}
 13706 | Gauntlet | HP: 2/119 [poisoned by a death drake (dark miasma)]
 13717 | Gauntlet | Identified the +10 broad axe of Poverty {flame, rPois Will+
                  | Int+2}
 13792 | Gauntlet | Noticed a minotaur
 13801 | Gauntlet | Killed a minotaur
 13867 | Lair:3   | Found a hole to the Spider Nest.
 14539 | Lair:4   | Noticed Nessos
 14562 | Lair:4   | Killed Nessos
 14884 | Lair:4   | Identified the +0 scale mail "Wamoil" {Rampage Stlth+}
 14948 | Lair:4   | Found a staircase to the Slime Pits.
 14949 | Lair:4   | Found a viscous altar of Jiyva.
 14953 | Lair:4   | Found a runed translucent gate.
 14953 | Lair:4   | Found a runed translucent gate.
 14961 | Lair:4   | Found a runed translucent gate.
 14961 | Lair:4   | Noticed Xoukh's ghost (journeyman TrMo)
 14961 | Lair:4   | Noticed Hapn's ghost (journeyman DEFE)
 14961 | Lair:4   | Noticed Egemog's ghost (journeyman MiBe)
 14961 | Lair:4   | Noticed Iguz's ghost (journeyman DrSu)
 14962 | Lair:4   | Found the +3 giant club "Skullcrusher" {speed, Str+7}
 14975 | Lair:4   | Killed Hapn's ghost
 14977 | Lair:4   | Killed Xoukh's ghost
 14978 | Lair:4   | Killed Iguz's ghost
 14981 | Lair:4   | Killed Egemog's ghost
 15390 | Lair:5   | Entered Level 5 of the Lair of Beasts
 15420 | Lair:5   | Received a gift from Trog
 15494 | Lair:5   | Reached skill level 19 in Axes
 15519 | Lair:5   | Reached XP level 14. HP: 130/130 MP: 13/13
 15951 | Lair:5   | Received a gift from Trog
 16591 | D:12     | Reached skill level 10 in Shields
 16914 | D:12     | Noticed Frances
 16922 | D:12     | Killed Frances
 17051 | D:12     | Reached skill level 15 in Fighting
 18261 | D:14     | Noticed Roxanne
 18270 | D:14     | Received a gift from Trog
 18271 | D:14     | Reached skill level 20 in Axes
 18284 | D:14     | Killed Roxanne
 18403 | D:14     | Reached XP level 15. HP: 80/143 MP: 14/14
 18543 | D:14     | Found a gate to the Vaults.
 18885 | D:14     | Noticed Rupert
 18895 | D:14     | Killed Rupert
 18953 | D:15     | Entered Level 15 of the Dungeon
 18953 | D:15     | Found Nijurib's Book Emporium.
 19547 | D:15     | Found a staircase to the Depths.
 19863 | Orc:1    | Entered Level 1 of the Orcish Mines
 19901 | Orc:1    | Received a gift from Trog
 20215 | Orc:2    | Entered Level 2 of the Orcish Mines
 20215 | Orc:2    | Noticed Josephine
 20225 | Orc:2    | Killed Josephine
 20406 | Orc:2    | Found a staircase to the Elven Halls.
 20533 | Orc:2    | Found Womur's Magic Scroll Shop.
 20541 | Orc:2    | Bought a scroll of brand weapon for 142 gold pieces
 20793 | Orc:2    | Reached skill level 21 in Axes
 20808 | Orc:2    | Found Tinwoa's Antique Weapon Boutique.
 20808 | Orc:2    | Found Dizisul's Assorted Antiques.
 20821 | Orc:2    | Received a gift from Trog
 20845 | Orc:2    | Found Rorphapy's Distillery.
 20845 | Orc:2    | Found Girucrag's Antique Weapon Emporium.
 20879 | Orc:2    | Bought 2 potions of heal wounds for 140 gold pieces
 20889 | Orc:2    | Bought 2 potions of heal wounds for 350 gold pieces
 20889 | Orc:2    | Bought a scroll of enchant weapon for 262 gold pieces
 21123 | Swamp:1  | Entered Level 1 of the Swamp
 21149 | Swamp:1  | Reached XP level 16. HP: 118/155 MP: 15/15
 22644 | Spider:1 | Entered Level 1 of the Spider Nest
 22670 | Spider:1 | Found the +3 hat of Pondering {ponderous, Will+ MP+10
                  | Int+5}
 22824 | Spider:1 | Reached ****** piety under Trog
 22825 | Spider:1 | Reached skill level 15 in Shields
 23053 | Spider:1 | Received a gift from Trog
 23279 | Spider:1 | Identified a scroll of acquirement
 23279 | Spider:1 | Acquired the +3 pair of gloves "Jietomm" {rElec rN+ Stlth+}
 24211 | Spider:2 | Noticed Kirke
 24212 | Spider:2 | Reached skill level 15 in Armour
 24223 | Spider:2 | Killed Kirke
 24295 | Spider:2 | Reached XP level 17. HP: 166/166 MP: 16/16
 26209 | Swamp:4  | Entered Level 4 of the Swamp
 26216 | Swamp:4  | Reached skill level 22 in Axes
 26278 | Swamp:4  | Received a gift from Trog
 26279 | Swamp:4  | Reached XP level 18. HP: 155/174 MP: 17/17
 26985 | Swamp:4  | Got a decaying rune of Zot
 27244 | Spider:3 | Received a gift from Trog
 28300 | Spider:4 | Entered Level 4 of the Spider Nest
 28614 | Spider:4 | Received a gift from Trog
 28876 | Spider:4 | Got a gossamer rune of Zot
 29342 | Spider:4 | Identified the ring of Bagguski {Will+ Int+3 Slay+3}
 29597 | Slime:1  | Entered Level 1 of the Pits of Slime
 29778 | Slime:2  | Reached XP level 19. HP: 135/185 MP: 18/18
 29882 | Slime:2  | Reached skill level 23 in Axes
 29886 | Slime:1  | Received a gift from Trog
 29889 | Slime:1  | Gained mutation: You occasionally lose the ability to drink
                  | potions when taking damage. [a shining eye]
 29894 | Slime:1  | Gained mutation: You are dopey. (Int -2) [a shining eye]
 29904 | Slime:1  | Gained mutation: Your spells are a little easier to cast,
                  | but a little less powerful. [a shining eye]
 30960 | Slime:2  | Received a gift from Trog
 32083 | Slime:5  | Entered Level 5 of the Pits of Slime
 32117 | Slime:5  | Gained mutation: Your body sometimes deteriorates upon
                  | taking damage. [a shining eye]
 32118 | Slime:5  | Slain by a rockslime

Illustrated notes

Levels and vault maps discovered:
D:1:      minmay_arrival_shoal_huts, layout_basic, serial_shops, shop,
          minmay_misc_feat_enclosed, chequers_serial_rivers_room_b,
          chequers_serial_rivers_large_b, minmay_tetromino_t2
D:2:      layout_loops_cross, shapermc_ecumenical_altar_totnotflames,
          uniq_sigmund, uniq_robin, uniq_jessica, uniq_natasha
D:3:      layout_loops_cross, nicolae_qazlal_beasts_of_the_sky,
          yredelemnul_forgotten_temple_becter, general_overflow_altar,
          mainiacjoe_overflow_alcove_1
D:4:      layout_basic, nicolae_gozag_zags_fifth_avenue, portal_sewer_entry_c
D:5:      layout_basic, grunt_temple_overflow_order_and_chaos_2,
          nicolae_hepliaklqana_hippocampus,
          nicolae_uskayaw_murder_on_the_dancefloor, roderic_roman_lattice
D:6:      layout_basic, mainiacjoe_overflow_alcove_4,
          mainiacjoe_overflow_catwalk, uniq_duvessa
D:7:      layout_loops_ring, mainiacjoe_overflow_cross_hatched,
          minmay_temple_entry_enclosed_plants, serial_shops, kennysheep_mini
D:8:      layout_rooms, kennysheep_vampire_church, slow_altar_1,
          mainiacjoe_overflow_big_doors, nemelex_altar_shiori,
          trog_ov_bears_minmay, dk_vineyard_3, uniq_joseph
D:9:      layout_basic, fedhas_altar_3, mainiacjoe_overflow_swirl
D:10:     kennysheep_six_static_rooms, layout_loops_ring, serial_shops, shop,
          dk_noncrumbling_2, kennysheep_generic_room_3
D:11:     layout_basic, david_lair_generic, erik_orc_4, uniq_snorg, uniq_erica
D:12:     layout_basic, serial_co_window_serial, co_window_corner_a,
          co_window_corner_a, co_window_of_opportunity_a, co_window_paths_b,
          co_window_of_opportunity_a, co_window_broadway_c,
          co_window_unsneaky_path_b, co_window_broadway_b, co_window_broadway_a,
          co_window_broadway_c, co_window_unsneaky_path_d, co_window_2corner,
          glass_columns_a, glass_columns_a, glass_columns_a, glass_columns_b,
          glass_columns_a, uniq_frances
D:13:     layout_basic
D:14:     layout_cave_pools, erik_vaults_1, nicolae_two_hexagons, st_stairs_12,
          uniq_rupert, uniq_roxanne
D:15:     hangedman_depths_entry_civil_slaughter, layout_irregular_city,
          chequers_serial_rivers_room_a, serial_shops, shop,
          palyth_stone_intersect, hangedman_decor_lopped,
          minmay_gold_behind_fungi, serial_bayou_lagoon_a
Lair:1:   layout_cave_pods
Lair:2:   layout_misc_corridors, minmay_swamp_entry_worms,
          hangedman_lair_unloving_vines, minivault_25,
          nicolae_quartered_pool_medium, minmay_stone_trees_medium
Lair:3:   layout_loops_ring, hellmonk_spider_entry_not_the_bees,
          gauntlet_entry_generic
Lair:4:   layout_cellular_growth, slime_entry_1, gammafunk_ghost_cemetery,
          uniq_nessos
Lair:5:   hangedman_lair_caniforms_friends, layout_long_grid
Swamp:1:  layout_basic_swamp, evilmike_swamp_ruin_house_2, swamp_pool4,
          hangedman_swamp_dais, infiniplex_staircase_pool
Swamp:2:  nicolae_swamp_decorative_isthmus, layout_falls_marsh,
          hangedman_swamp_ruin_wall
Swamp:3:  layout_basic_swamp, serial_swamp_ruin, evilmike_swamp_ruin_house_3,
          evilmike_swamp_ruin_rubble_1
Swamp:4:  swamp_icy, layout_basic_swamp
Spider:1: layout_chambers, worms_lemuel
Spider:2: layout_chambers, hangedman_spider_tarantella_strand,
          nicolae_spider_cling_halls, uniq_kirke
Spider:3: layout_cave_pods, drop_trap
Spider:4: grunt_spider_rune_circles, nicolae_spider_nook
Slime:1:  layout_caves
Slime:2:  nicolae_slime_pool, layout_caves, cheibrodos_slime_lost_civilization_4
Slime:3:  layout_caves
Slime:4:  layout_caves
Slime:5
Orc:1:    layout_diamond_mine
Orc:2:    st_orc_elflike, layout_diamond_mine, serial_shops, shop, basic_altar,
          library_closet, uniq_josephine

Skill      XL: |  1  2  3  4  5  6  7  8  9 10 11 12 13 14 15 16 17 18 19 |
---------------+----------------------------------------------------------+-----
Axes           | 4 8 9 10 11 12 14 16 17 19 20 21 22 23 | 23.6
Fighting       | 4 6 7 8 9 10 12 13 15 17 18 20 | 20.9
Armour         | 5 6 7 8 9 10 11 12 13 14 15 16 | 16.8
Dodging        | 5 6 7 8 |  8.1
Stealth        | 3 4 |  4.6
Shields        | 1 3 4 6 7 9 11 13 15 16 18 19 | 19.5

Action                     |  1- 3 |  4- 6 |  7- 9 | 10-12 | 13-15 | 16-18 | 19-21 || total
---------------------------+-------+-------+-------+-------+-------+-------+-------++-------
  Melee: Hand axe          |    36 |   110 |   143 |       |       |       |       ||   289
         Headbutt          |     5 |    20 |    33 |    83 |   157 |   206 |    77 ||   581
         Punch             |     1 |       |       |       |       |       |       ||     1
         Broad axe         |       |       |    99 |   351 |   728 |   934 |   227 ||  2339
 Invoke: Berserk           |       |     3 |     2 |     2 |     2 |       |       ||     9
         Brothers in Arms  |       |       |       |       |     5 |     1 |     2 ||     8
    Use: Potion            |     1 |     3 |     1 |       |     3 |     6 |     5 ||    19
         Scroll            |       |       |    16 |     8 |    12 |     2 |       ||    38
   Stab: Distracted        |       |       |     1 |       |       |       |       ||     1
         Confused          |       |       |       |       |       |     1 |       ||     1
         Paralysed         |       |       |       |       |       |     1 |       ||     1
 Armour: Ring mail         |     2 |       |       |       |       |       |       ||     2
         Scale mail        |    20 |    34 |       |       |       |       |       ||    54
         Chain mail        |       |     4 |   127 |   186 |     7 |       |       ||   324
         Plate armour      |       |       |       |       |   226 |   426 |   105 ||   757
  Dodge: Dodged            |    20 |    49 |   162 |   211 |   290 |   432 |    85 ||  1249
  Block: Buckler           |       |     3 |    80 |   145 |    44 |       |       ||   272
         Tower shield      |       |       |       |       |   393 |   971 |   203 ||  1567
